 Dungeon Crawl Stone Soup version 0.29.1-1-gd02db69 (webtiles) character file.

Game seed: 3249284280550532907

1155 jagoly the Chiller (level 8, -3/60 HPs)
             Began as an Octopode Transmuter on Sept 29, 2022.
             Killed by divine providence
             ... invoked by an orc priest
              (10 damage)
             ... on level 6 of the Dungeon on Oct 1, 2022.
             The game lasted 00:27:27 (6218 turns).

jagoly the Chiller (Octopode Transmuter)            Turns: 6218, Time: 00:27:29

Health: -3/60      AC:  7    Str: 10    XL:     8   Next: 39%
Magic:  9/12       EV: 10    Int: 17    God:
Gold:   167        SH:  0    Dex: 12    Spells: 3/13 levels left

rFire   x . .      SeeInvis .     - Unarmed
rCold   + + +      Faith    .   (shield currently unavailable)
rNeg    . . .      Spirit   .   (helmet currently unavailable)
rPois   +          Reflect  .   (no amulet)
rElec   .          Harm     .   (no ring)
rCorr   .          Rampage  .   (no ring)
Will    .....                   (no ring)
Stlth   ++........              (no ring)
HPRegen 0.20/turn               (no ring)
MPRegen 0.13/turn               (no ring)
                                (no ring)
                                (no ring)

@: about to teleport, ice-form, wereblooded (expiring)
A: freezing attack, boosted hp, almost no armour, amphibious, 8 rings, large,
(camouflage 1), (gelatinous body 1), (nimble swimmer 1), (tentacles)
a: End Transformation


You were on level 6 of the Dungeon.
You were a creature of crystalline ice.
You visited 1 branch of the dungeon, and saw 6 of its levels.

You collected 167 gold pieces.

Inventory:

Hand Weapons
 r - a +0 sling
 u - a +1 hand axe of venom
Missiles
 b - 38 stones
 d - 12 poisoned darts
 w - 6 boomerangs
Scrolls
 e - 2 scrolls of fog {unknown}
 h - a scroll of teleportation
 j - 2 scrolls of immolation
 l - 3 scrolls of enchant weapon
 p - a scroll of fear {unknown}
Potions
 a - a potion of lignification
 c - 2 potions of attraction
 f - 3 potions of curing
 g - a potion of degeneration {unknown}
 i - a potion of heal wounds {unknown}
 k - 2 potions of haste
 m - a potion of mutation {unknown}
 n - 3 potions of brilliance
 o - a potion of ambrosia {unknown}
 q - a potion of magic {unknown}
 s - a potion of cancellation {unknown}
 t - a potion of might {unknown}


   Skills:
 - Level 2.0 Fighting
 - Level 2.0 Dodging
 - Level 2.0 Stealth
 - Level 3.0 Unarmed Combat
 - Level 3.0 Spellcasting
 + Level 6.2 Transmutations
 + Level 6.3 Ice Magic
 - Level 2.0 Poison Magic


You had 3 spell levels left.
You knew the following spells:

 Your Spells              Type           Power      Damage    Failure   Level
A - Beastly Appendage     Tmut           46%        N/A       1%          1
O - Ice Form              Ice/Tmut       23%        N/A       13%         4
P - Spider Form           Tmut/Pois      16%        N/A       10%         3
W - Wereblood             Tmut           23%        N/A       1%          2

Your spell library contained the following spells:

 Spells                   Type           Power      Damage    Failure   Level
 Apportation              Tloc           4%         N/A       17%         1
 Necrotise                Necr           8%         1d4       17%         1
 Summon Small Mammal      Summ           8%         N/A       17%         1


Dungeon Overview and Level Annotations

Branches:
Dungeon (6/15) Zot: 26405
 Temple: D:4-7

Altars:

Annotations:
D:4 exclusion: ogre
D:5 2 transporters, Dorkslayer's ghost, novice OpCj


Innate Abilities, Weirdness & Mutations

You are a creature of crystalline ice.
You have a powerful freezing melee attack.
Your maximum health is increased.
Your armour is entirely melded.
You are incapable of wielding weapons or throwing items.
You cannot wear most types of armour.
You are amphibious.
You can wear up to eight rings at the same time.
((Your skin changes colour to match your surroundings (Stealth+).))
((Your rubbery body absorbs attacks. (AC +1, EV +1)))
((You are camouflaged when in or above water. (Stealth+)))
((You have tentacles for arms and can constrict up to eight enemies at once.))


Message History

Pain shoots through your body!
An orc priest comes into view. It is wielding a +0 short sword.
You howl as the wereblood boils in your veins!
You hear a shout!
A centaur comes into view. It is wielding a +0 mace.
A phantom comes into view.
The orc priest calls down the wrath of Beogh upon you.
Beogh smites you!
Unknown command.
Okay, then.
Okay, then.
You punch the orc! You freeze the orc.
You feel a bit better.
You kill the orc!
The orc priest invokes the aid of Beogh against you.
Beogh smites you!
Unknown command.
Your primal bloodlust is almost over.
The orc priest calls down the wrath of Beogh upon you.
Beogh smites you!
* * * LOW HITPOINT WARNING * * *
The centaur unwields a +0 mace.
The centaur wields a +0 shortbow.
The centaur shoots an arrow.
The arrow hits you.
* * * LOW HITPOINT WARNING * * *
You see here a +0 dagger.
Okay, then.
As you read the scroll of teleportation, it crumbles to dust.
You feel strangely unstable.
You howl as the wereblood boils in your veins!
The orc priest hits you with a +0 club.
* * * LOW HITPOINT WARNING * * *
The orc priest looks satisfied for a moment.
The centaur shoots an arrow.
The arrow hits you.
* * * LOW HITPOINT WARNING * * *
You hit the orc priest. You freeze the orc priest.
The orc priest is heavily wounded.
The centaur shoots an arrow.
The arrow hits you.
* * * LOW HITPOINT WARNING * * *
The orc priest mumbles some strange prayers to Beogh against you.
Beogh smites you!
You die...

##############
#............#
#............#
.############............#
................>........#
#...o....................#
#......<......##.###.).###
.........c....##.###.#.#
.$)......o..Y........#.#
.........÷..o.)..#####.#
................†......#
#.#......W.......####### .
#####.......##.#....#
.................#
#.#.####...#.#.#..# #.#.
#...#.#.#..# #
#...#.#.#..####


You could see a phantom, a centaur and 2 orc priests.

Vanquished Creatures
  A water moccasin (D:6)
  3 black bears
  2 scorpions
  A howler monkey (D:5)
  4 hounds
  2 orc priests
  Crazy Yiuf (D:2)
  An iguana (D:5)
  Natasha (thrice) (D:2)
  5 orc wizards
  Terence (D:2)
  4 adders (D:3)
  4 gnolls (D:3)
  An ufetubus (D:2)
  A worm (D:2)
  9 orcs
  10 ball pythons
  8 endoplasms
  4 giant cockroaches
  12 goblins
  7 hobgoblins
  6 jackals
  4 quokkas
  6 bats
  3 frilled lizards
  11 kobolds
  7 rats
121 creatures vanquished.

Notes
Turn   | Place    | Note
-------+----------+-------------------------------------------
     0 | D:1      | jagoly the Octopode Transmuter began the quest for the Orb.
     0 | D:1      | Reached XP level 1. HP: 13/13 MP: 3/3
   113 | D:1      | Reached skill level 1 in Poison Magic
   261 | D:1      | Reached XP level 2. HP: 14/18 MP: 3/5
   417 | D:1      | Learned a level 2 spell: Wereblood
   586 | D:1      | Reached XP level 3. HP: 23/23 MP: 3/6
   629 | D:1      | Found a faded altar of an unknown god.
  1323 | D:2      | Learned a level 3 spell: Spider Form
  1535 | D:2      | Found a runed translucent door.
  1535 | D:2      | Noticed Natasha
  1536 | D:2      | Noticed Crazy Yiuf
  1563 | D:2      | Reached XP level 4. HP: 10/28 MP: 5/7
  1833 | D:2      | Reached skill level 1 in Ice Magic
  2324 | D:2      | Noticed Terence
  2333 | D:2      | Killed Terence
  2811 | D:3      | Reached XP level 5. HP: 33/33 MP: 5/8
  3806 | D:4      | Reached XP level 6. HP: 38/38 MP: 5/9
  3879 | D:4      | Noticed a black bear
  3887 | D:4      | Killed a black bear
  4337 | D:2      | Killed Crazy Yiuf
  4338 | D:2      | Reached XP level 7. HP: 43/43 MP: 4/10
  4342 | D:2      | Killed Natasha
  4387 | D:2      | Noticed Natasha
  4396 | D:2      | Killed Natasha
  4397 | D:2      | Reached skill level 5 in Transmutations
  4397 | D:2      | Reached skill level 5 in Ice Magic
  4455 | D:2      | Noticed Natasha
  4462 | D:2      | Killed Natasha
  4550 | D:4      | Learned a level 4 spell: Ice Form
  4551 | D:5      | Entered Level 5 of the Dungeon
  5474 | D:5      | Reached XP level 8. HP: 44/48 MP: 8/11
  5592 | D:5      | Noticed Dorkslayer's ghost (novice OpCj)
  5593 | D:5      | Found a transporter.
  5599 | D:5      | Found a transporter.
  6218 | D:6      | Killed from afar by an orc priest

Illustrated notes

Levels and vault maps discovered:
D:1:      erik_arrival_orb_chamber, layout_basic,
          hellmonk_ecumenical_altar_zigzags
D:2:      layout_rooms, grunt_ministairs_1, uniq_terence,
          uniq_crazy_yiuf_cottage, uniq_natasha
D:3:      layout_loops_ring, saegor_snake_ambush
D:4:      layout_rooms, hangedman_decor_peaks_small
D:5:      minmay_angry_zag, layout_rooms, gammafunk_ghost_smash,
          chequers_serial_rivers_small_a
D:6:      layout_basic, minmay_temple_entry_drinking_statues,
          hangedman_decor_opposing, ebering_dispersal_statue_hall, uniq_sigmund,
          uniq_grinder

Skill      XL: |  1  2  3  4  5  6  7  8 |
---------------+-------------------------+-----
Poison Magic   | 1 2 |  2.0
Transmutations | 3 4 6 |  6.2
Ice Magic      | 2 3 4 6 |  6.3
Stealth        | 2 |  2.0
Fighting       | 2 |  2.0
Spellcasting   | 3 |  3.0
Dodging        | |  2.0
Unarmed Combat | |  3.0

Action                   |  1- 3 |  4- 6 |  7- 9 || total
-------------------------+-------+-------+-------++-------
Melee: Unarmed           |    83 |   135 |    94 ||   312
       Kick              |    29 |    34 |     3 ||    66
       Tentacles         |    14 |    16 |     1 ||    31
       Constrict         |    20 |    23 |     2 ||    45
       Punch             |     4 |     1 |       ||     5
Throw: Dart              |       |     5 |       ||     5
 Cast: Beastly Appendage |    29 |    21 |     3 ||    53
       Spider Form       |     1 |    10 |    10 ||    21
       Wereblood         |     1 |     4 |     3 ||     8
       Ice Form          |       |       |     3 ||     3
 Abil: End Transformatio |       |     1 |     1 ||     2
  Use: Scroll            |       |     5 |     3 ||     8
       Potion            |       |       |     2 ||     2
 Stab: Sleeping          |     5 |     8 |     1 ||    14
       Distracted        |     1 |     1 |       ||     2
Armor: Skin              |     8 |     9 |    15 ||    32
Dodge: Dodged            |    50 |   101 |    60 ||   211
